Map: King's Cove LE

Players

Marinelord - Winner!

  • Race: Terran Terran
  • Spawn Location: 11:00

uThermal

  • Race: Terran Terran
  • Spawn Location: 5:00

Event: 2019 WCS Spring

VOD

Have the link to the VOD?

Description

Time

  • Played on: May 17, 2019, 1:34 p.m.
  • Length: 11:52

All games in this series

Show
View Real Time Build Order
Export as new Build Order

Marinelord Terran - Winner!

Build Orders:  

Get SALT Encoding   

  12  0:00  SCV  
  13  0:12  SCV  
  14  0:18  Supply Depot  
  14  0:24  SCV  
  15  0:41  Barracks  
  15  0:45  Refinery  
  15  1:01  Barracks  
  15  1:04  SCV  
  16  1:16  SCV  
  17  1:28  Reaper, Orbital Command  
  18  1:35  Refinery  
  18  1:47  Reaper  
  19  1:54  SCV  
  20  2:01  Reaper  
  20  2:04  Supply Depot  
  20  2:06  SCV  
  22  2:19  SCV  
  23  2:25  Reaper  
  24  2:31  SCV  
  24  2:33  Reaper  
  26  2:39  Factory  
  26  2:43  SCV  
  27  2:55  SCV  
  27  2:58  Reaper  
  27  3:07  SCV  
  27  3:12  Command Center  
  27  3:19  SCV  
  29  3:24  Factory Tech Lab  
  27  3:34  SCV  
  27  3:42  Cyclone  
  27  3:46  SCV  
  27  3:47  Supply Depot  
  31  3:54  Starport  
  30  3:58  SCV  
  31  4:10  SCV  
  31  4:14  Cyclone  
  35  4:22  SCV  
  35  4:24  Orbital Command  
  36  4:26  Command Center  
  36  4:31  Starport Tech Lab  
  36  4:34  SCV  
  36  4:46  SCV  
  36  4:50  Orbital Command  
  37  4:54  Raven  
  37  4:58  SCV  
  40  5:06  Siege Tank, Refinery  
  43  5:11  SCV  
  44  5:16  SCV  
  44  5:18  Barracks Reactor  
  45  5:23  SCV, Refinery  
  46  5:28  SCV  
  46  5:32  Supply Depot  
  46  5:35  SCV  
  48  5:40  SCV  
  48  5:41  Raven  
  51  5:47  SCV, Orbital Command  
  52  5:53  SCV  
  53  5:59  SCV  
  53  6:00  Siege Tank, Marine x2  
  59  6:05  SCV  
  59  6:06  Barracks  
  59  6:07  Barracks  
  59  6:10  Engineering Bay  
  60  6:11  SCV  
  60  6:12  Engineering Bay  
  60  6:15  Orbital Command  
  60  6:17  SCV  
  62  6:23  SCV  
  63  6:29  SCV  
  63  6:32  Siege Tank  
  67  6:35  SCV  
  68  6:40  SCV  
  68  6:41  SCV  
  70  6:47  SCV  
  70  6:50  Viking x2  
  70  6:51  Terran Infantry Weapons Level 1, Terran Infantry Armor Level 1  
  70  6:52  Marine  
  70  6:53  SCV, Stimpack  
  74  6:54  Barracks Reactor  
  74  6:57  SCV  
  74  6:59  SCV  
  74  7:00  Supply Depot  
  76  7:02  Barracks Reactor, Supply Depot  
  76  7:05  SCV  
  76  7:09  SCV  
  76  7:13  Supply Depot  
  77  7:17  Supply Depot  
  77  7:22  Viking, Siege Tank, SCV x3  
  85  7:25  Viking  
  87  7:34  SCV x3  
  90  7:39  Marine x5  
  90  7:40  Armory  
  95  7:46  SCV x3  
  95  7:48  Supply Depot  
  95  7:50  Supply Depot  
  98  7:52  Supply Depot  
  98  7:56  Marine  
  98  7:57  Marine  
  102  7:58  SCV x2  
  102  7:59  SCV  
  102  8:02  Siege Tank  
  102  8:03  Viking  
  108  8:07  Supply Depot  
  108  8:08  Refinery  
  108  8:09  Refinery  
  108  8:10  Viking  
  110  8:14  Supply Depot  
  110  8:15  Barracks, Marine x2  
  110  8:16  Barracks  
  110  8:17  Marine  
  110  8:18  Marine x2  
  115  8:31  SCV  
  115  8:33  Viking, SCV, Marine x2  
  121  8:38  Marine  
  121  8:39  Marine  
  121  8:40  Viking, Marine  
  126  8:47  Siege Tank  
  129  8:50  Marine x2  
  129  8:54  Combat Shield  
  131  8:56  Marine x2  
  131  8:58  Sensor Tower, Marine  
  134  9:03  Viking  
  134  9:06  Supply Depot x2  
  134  9:08  Marine x2  
  134  9:09  Command Center  
  137  9:10  Viking  
  137  9:11  Terran Infantry Weapons Level 2  
  137  9:12  Terran Infantry Armor Level 2  
  137  9:14  Marine x2  
  137  9:15  Terran Vehicle Weapons Level 1  
  137  9:16  Marine  
  142  9:18  SCV x3  
  142  9:22  Barracks Reactor x2  
  145  9:26  Marine  
  145  9:30  Siege Tank  
  145  9:31  Missile Turret  
  149  9:32  Marine x2  
  149  9:33  Marine  
  149  9:35  Marine  
  153  9:43  Medivac  
  153  9:44  Medivac, Marine  
  156  9:46  Supply Depot  
  156  9:47  Supply Depot  
  156  9:50  Marine x2  
  156  9:51  Marine  
  159  9:53  Marine  
  160  10:02  Marine  
  160  10:03  Marine x2  
  160  10:04  Marine  
  160  10:05  Factory, Marine  
  165  10:08  Marine x2  
  165  10:13  Medivac  
  169  10:14  Medivac  
  169  10:15  Marine x2  
  169  10:19  Sensor Tower, Marine  
  173  10:21  Siege Tank  
  173  10:22  Refinery  
  173  10:26  Refinery  
  175  10:31  Sensor Tower  
  175  10:44  Starport  
  175  10:46  Starport  
  174  10:52  Supply Depot  
  174  10:54  Siege Tank, Factory Tech Lab  
  177  11:01  Planetary Fortress  
  177  11:02  Supply Depot  
  177  11:03  Barracks Reactor  
  177  11:07  Viking x2  
  177  11:10  Command Center  
  179  11:14  Marine x6  
  184  11:23  Marine  
  184  11:24  Marine  
  183  11:30  SCV  
  183  11:32  Marine x6  
  190  11:33  Starport Reactor, Starport Tech Lab  
Show
View Real Time Build Order
Export as new Build Order

uThermal Terran 

Build Orders:  

Get SALT Encoding   

  12  0:01  SCV  
  13  0:13  SCV  
  14  0:17  Supply Depot  
  14  0:25  SCV  
  15  0:28  Refinery  
  15  0:39  SCV  
  16  0:45  Barracks  
  16  0:51  SCV  
  17  1:03  SCV  
  18  1:15  SCV  
  19  1:32  Reaper, Orbital Command  
  20  1:47  Refinery  
  20  1:48  Factory  
  20  1:55  Supply Depot  
  20  1:58  SCV  
  21  2:05  Reaper  
  22  2:10  SCV  
  22  2:22  SCV  
  23  2:31  Hellion  
  23  2:34  SCV  
  23  2:35  Supply Depot  
  26  2:38  Reaper  
  27  2:53  Hellion  
  27  2:54  SCV  
  25  3:06  SCV  
  25  3:11  Reaper  
  27  3:14  Hellion  
  27  3:18  SCV  
  29  3:30  SCV  
  29  3:42  SCV  
  29  3:43  Command Center  
  29  3:46  Barracks Tech Lab  
  27  3:52  Starport, Factory Tech Lab  
  26  3:56  SCV  
  27  4:08  SCV  
  28  4:13  Siege Tank  
  28  4:17  Barracks Reactor  
  31  4:20  SCV  
  32  4:32  SCV  
  33  4:44  SCV  
  33  4:45  Raven  
  34  4:54  Marine x2  
  34  4:55  Orbital Command  
  34  4:56  SCV  
  34  4:58  Refinery  
  37  5:07  Siege Tank  
  37  5:08  SCV  
  37  5:11  Marine x2  
  43  5:20  SCV  
  44  5:21  SCV  
  45  5:29  Marine x2  
  45  5:33  SCV x2  
  49  5:36  Supply Depot  
  49  5:38  Raven  
  51  5:45  SCV x2  
  51  5:47  Marine  
  54  5:58  Marine  
  54  5:59  SCV  
  54  6:00  Supply Depot  
  54  6:01  SCV  
  57  6:08  Command Center  
  57  6:11  SCV  
  57  6:13  SCV  
  61  6:20  Siege Tank  
  61  6:23  SCV  
  63  6:28  SCV  
  63  6:32  Viking  
  66  6:33  Viking  
  66  6:37  Supply Depot  
  66  6:39  SCV  
  69  6:41  Marine  
  68  6:52  Stimpack  
  68  6:53  SCV, Siege Tank  
  70  6:55  Refinery  
  70  6:59  SCV  
  71  7:02  Viking  
  71  7:05  Viking  
  71  7:07  SCV  
  76  7:10  Marine  
  76  7:11  SCV  
  76  7:13  Supply Depot  
  78  7:20  SCV  
  79  7:25  Siege Tank  
  82  7:32  Viking, SCV  
  82  7:34  SCV  
  82  7:35  Viking  
  88  7:43  Marine  
  89  7:44  SCV  
  89  7:47  SCV, Engineering Bay, Supply Depot  
  89  7:48  Engineering Bay  
  91  7:55  Orbital Command  
  91  7:56  SCV  
  95  7:58  Siege Tank  
  95  8:00  SCV  
  95  8:04  Viking  
  96  8:14  Marine  
  96  8:16  Terran Infantry Weapons Level 1, Terran Infantry Armor Level 1  
  96  8:17  SCV  
  98  8:23  SCV  
  98  8:25  Barracks x2  
  99  8:27  SCV  
  99  8:32  Siege Tank, Marine  
  102  8:34  SCV  
  102  8:35  Viking  
  102  8:40  SCV  
  106  8:43  SCV  
  106  8:46  Supply Depot  
  106  8:48  SCV  
  108  8:53  SCV  
  109  9:02  Supply Depot  
  109  9:03  Barracks  
  109  9:06  Barracks  
  109  9:07  Viking, SCV x2, Marine  
  114  9:10  Combat Shield  
  114  9:11  SCV  
  114  9:14  Barracks Reactor x2  
  115  9:19  Sensor Tower  
  115  9:25  SCV  
  115  9:27  Siege Tank, Supply Depot  
  115  9:28  Marine  
  115  9:30  Supply Depot  
  120  9:34  Armory  
  120  9:35  SCV  
  121  9:39  SCV  
  121  9:44  Viking  
  121  9:45  Viking  
  124  9:46  Marine  
  124  9:49  Supply Depot  
  124  9:51  Marine x3  
  124  9:52  Marine  
  129  9:54  Barracks Reactor  
  129  9:55  Barracks Reactor  
  129  10:00  Refinery  
  129  10:02  Refinery  
  129  10:03  Marine  
  129  10:04  Missile Turret  
  130  10:09  Marine x2  
  130  10:10  Siege Tank  
  130  10:12  Supply Depot, Marine x2  
  137  10:17  Viking  
  137  10:20  Viking  
  140  10:21  Marine  
  140  10:26  Marine  
  140  10:27  Marine  
  142  10:31  Marine x4  
  146  10:36  Marine x2, Supply Depot  
  146  10:40  Supply Depot  
  149  10:44  Siege Tank  
  149  10:49  Medivac, Marine x2  
  154  10:54  Marine  
  154  10:55  Marine  
  152  11:05  Marine  
  152  11:06  Command Center  
  152  11:07  Marine  
  152  11:09  Marine  
  152  11:12  Medivac, Marine x2  
  152  11:13  Marine  
  160  11:27  Marine  
  160  11:30  Marine  
  160  11:31  Marine  
  165  11:33  Marine  
  165  11:35  SCV  
  165  11:37  SCV  
Tags
 
Add a new tag
Caveats
  • Supply blocks, unpowered buildings, or Contaminate may cause inaccurate times.
  • Supply counts are checked every 10 seconds.